Map: Blueshift LE

Players

Mufi - Winner!

  • Race: Zerg Zerg
  • League: Diamond
  • Spawn Location: 1:00

MouMou

  • Race: Terran Terran
  • League: Platinum
  • Spawn Location: 7:00

VOD

Have the link to the VOD?

Description

Time

  • Played on: Oct. 19, 2018, 11:51 a.m.
  • Length: 7:44
Show
View Real Time Build Order
Export as new Build Order

Mufi Zerg - Winner!

Build Orders: Pool First 

Get SALT Encoding   

  12  0:01  Drone  
  13  0:13  Overlord  
  13  0:17  Drone  
  14  0:31  Drone x2  
  16  0:42  Spawning Pool  
  15  0:44  Drone  
  15  0:49  Drone  
  17  0:56  Drone  
  18  1:16  Hatchery  
  17  1:29  Zergling x6  
  20  1:39  Queen  
  22  1:43  Extractor  
  22  1:45  Zergling x2  
  22  1:55  Overlord  
  22  2:13  Zergling x4  
  23  2:30  Drone  
  23  2:31  Drone  
  23  2:32  Queen  
  27  2:49  Drone x3  
  30  2:55  Drone x4  
  34  2:59  Overlord  
  34  3:20  Drone x3  
  34  3:24  Hatchery  
  34  3:25  Lair  
  34  3:26  Roach Warren  
  35  3:29  Drone x2  
  37  3:38  Overlord  
  37  3:40  Drone  
  38  3:48  Drone x4  
  41  4:05  Extractor, Drone x5  
  41  4:06  Extractor  
  44  4:13  Overlord  
  44  4:15  Overlord  
  44  4:16  Overlord x2  
  44  4:33  Roach x6  
  44  4:38  Roach  
  58  4:40  Glial Reconstitution  
  58  4:43  Roach  
  60  4:59  Roach x3  
  70  5:00  Roach x2  
  70  5:12  Drone x7  
  75  5:27  Ravager  
  76  5:29  Ravager x2  
  76  5:35  Drone x9  
  87  5:40  Overlord  
  87  5:41  Overlord  
  87  5:50  Overlord x2  
  87  5:52  Queen  
  89  6:00  Evolution Chamber  
  88  6:04  Evolution Chamber  
  87  6:14  Roach x9  
  99  6:29  Roach x5  
  96  6:40  Roach x4  
  96  6:51  Roach x6  
  104  7:07  Drone x3  
  107  7:14  Drone x6  
Show
View Real Time Build Order
Export as new Build Order

MouMou Terran 

Build Orders:  

Get SALT Encoding   

  12  0:02  SCV  
  13  0:17  Supply Depot  
  13  0:21  SCV  
  14  0:41  Barracks  
  14  0:54  Barracks  
  14  1:08  Barracks  
  14  1:13  SCV  
  15  1:28  Marine  
  15  1:30  Supply Depot  
  16  1:46  Marine  
  17  1:48  Marine  
  17  1:53  Supply Depot  
  18  1:55  Marine  
  12  2:30  SCV  
  12  2:33  Refinery  
  13  2:37  Bunker  
  13  2:42  SCV  
  14  2:54  SCV  
  15  3:07  SCV  
  16  3:19  SCV, Barracks  
  17  3:31  SCV  
  17  3:34  Marine  
  19  3:42  Marine  
  19  3:43  SCV  
  19  3:44  Marine  
  22  3:51  Marine  
  22  3:55  SCV  
  24  3:59  Marine  
  25  4:02  Marine  
  25  4:08  Marine  
  25  4:09  Marine  
  28  4:17  Marine  
  28  4:20  Marine  
  30  4:26  Marine  
  30  4:27  Marine  
  32  4:35  Marine  
  32  4:38  Marine  
  33  4:43  Supply Depot  
  33  4:44  Marine  
  33  4:45  Marine  
  36  4:53  Marine  
  36  4:56  Marine  
  38  5:01  Marine  
  38  5:04  Marine  
  38  5:06  Supply Depot  
  40  5:11  Marine  
  40  5:14  Marine  
  42  5:31  Barracks Tech Lab  
  41  5:36  Barracks Reactor  
  41  5:37  Barracks Tech Lab  
  41  5:39  Barracks Reactor  
  41  5:41  Orbital Command  
  40  5:43  Supply Depot  
  40  5:51  Factory  
  40  6:04  Refinery  
  40  6:12  Marine x2  
  40  6:13  Marine x2  
  40  6:17  Marine  
  45  6:18  Marine  
  42  6:30  Marine x3  
  25  6:56  Marine  
  25  6:58  Marine  
  25  7:13  SCV  
  25  7:15  Supply Depot  
  25  7:25  SCV  
Tags
 
Add a new tag
Caveats
  • Supply blocks, unpowered buildings, or Contaminate may cause inaccurate times.
  • Supply counts are checked every 10 seconds.